Map: Oxide LE

Players

ShaDoWn

  • Race: Protoss Protoss

Vanya - Winner!

  • Race: Zerg Zerg

Event: DreamHack SC2 Masters 2021 Winter

VOD

Have the link to the VOD?

Description

Time

  • Played on: Oct. 8, 2021, 11:25 a.m.
  • Length: 17:16

All games in this series

Show
View Real Time Build Order
Export as new Build Order

ShaDoWn Protoss 

Build Orders: Oracle Opening 

Get SALT Encoding   

  12  0:00  Probe  
  13  0:12  Probe  
  14  0:19  Pylon  
  14  0:24  Probe  
  15  0:37  Probe (Chrono Boost)  
  15  0:39  Gateway  
  16  0:46  Probe (Chrono Boost)  
  16  0:49  Assimilator  
  17  0:51  Probe (Chrono Boost)  
  18  1:03  Probe  
  19  1:06  Gateway  
  20  1:21  Pylon  
  19  1:26  Zealot (Chrono Boost)  
  19  1:30  Cybernetics Core  
  21  1:34  Probe  
  22  1:46  Probe  
  23  1:50  Zealot (Chrono Boost)  
  25  1:58  Probe  
  26  2:07  Adept (Chrono Boost)  
  28  2:10  Probe  
  28  2:12  Pylon  
  28  2:13  Adept (Chrono Boost)  
  31  2:30  Probe  
  32  2:42  Adept, Probe  
  34  2:54  Probe  
  34  2:56  Assimilator  
  35  3:09  Probe  
  35  3:10  Stargate  
  36  3:22  Probe  
  37  3:33  Pylon  
  37  3:34  Warp Gate  
  37  3:36  Probe  
  38  3:48  Probe  
  38  3:53  Oracle (Chrono Boost)  
  38  3:55  Nexus  
  42  3:59  Nexus  
  42  4:01  Probe  
  37  4:08  Adept  
  38  4:13  Probe  
  39  4:25  Oracle (Chrono Boost), Probe  
  43  4:37  Probe  
  42  4:49  Probe  
  43  5:00  Void Ray  
  43  5:01  Nexus  
  43  5:05  Probe (Chrono Boost)  
  43  5:07  Probe (Chrono Boost)  
  49  5:09  Pylon  
  49  5:11  Assimilator  
  49  5:12  Assimilator  
  50  5:17  Probe x2 (Chrono Boost)  
  51  5:25  Probe (Chrono Boost)  
  51  5:26  Adept x2  
  51  5:27  Probe (Chrono Boost)  
  57  5:31  Probe (Chrono Boost)  
  57  5:33  Probe (Chrono Boost)  
  59  5:37  Protoss Air Weapons Level 1  
  59  5:40  Probe, Shield Battery  
  60  5:45  Probe  
  60  5:48  Stargate  
  61  5:52  Probe  
  61  5:53  Zealot  
  61  5:54  Zealot  
  64  5:57  Probe  
  64  6:03  Void Ray (Chrono Boost)  
  60  6:04  Probe (Chrono Boost)  
  65  6:12  Probe (Chrono Boost)  
  65  6:14  Probe (Chrono Boost)  
  67  6:22  Probe (Chrono Boost)  
  67  6:24  Robotics Facility, Probe (Chrono Boost)  
  69  6:25  Probe (Chrono Boost)  
  69  6:29  Probe x2 (Chrono Boost)  
  69  6:32  Void Ray (Chrono Boost)  
  68  6:33  Probe  
  68  6:34  Assimilator  
  68  6:35  Void Ray (Chrono Boost)  
  68  6:38  Assimilator  
  73  6:40  Probe  
  73  6:41  Probe  
  73  6:45  Probe  
  80  6:52  Probe  
  81  6:55  Probe  
  81  6:56  Pylon  
  81  6:58  Probe  
  83  7:04  Probe  
  83  7:07  Pylon  
  84  7:09  Pylon  
  84  7:14  Probe  
  89  7:16  Zealot  
  89  7:17  Zealot  
  89  7:18  Probe  
  89  7:19  Void Ray  
  93  7:24  Observer, Probe  
  93  7:25  Robotics Bay  
  93  7:27  Probe  
  96  7:30  Probe  
  97  7:39  Probe  
  97  7:42  Void Ray  
  97  7:43  Shield Battery  
  98  7:44  Forge  
  102  7:56  Probe  
  103  8:01  Fleet Beacon  
  103  8:02  Pylon  
  103  8:05  Probe  
  104  8:19  Nexus  
  104  8:21  Disruptor (Chrono Boost)  
  107  8:27  Zealot x2  
  107  8:33  Probe  
  112  8:39  Pylon  
  112  8:40  Probe  
  113  8:42  Pylon  
  113  8:43  Probe  
  114  8:51  Void Ray (Chrono Boost)  
  114  8:52  Void Ray (Chrono Boost), Flux Vanes  
  114  8:53  Stargate  
  114  8:54  Probe  
  115  8:57  Probe  
  115  9:01  Assimilator, Pylon  
  115  9:02  Assimilator, Probe  
  125  9:06  Shield Battery  
  125  9:08  Photon Cannon  
  125  9:12  Protoss Air Weapons Level 2 (Chrono Boost)  
  123  9:18  Stalker x2  
  123  9:20  Probe  
  120  9:25  Probe  
  120  9:26  Phoenix x2 (Chrono Boost), Probe  
  125  9:37  Photon Cannon  
  127  9:39  Probe  
  127  9:42  Probe  
  127  9:43  Phoenix (Chrono Boost)  
  127  9:44  Phoenix x2 (Chrono Boost), Pylon  
  133  9:49  Photon Cannon  
  133  9:54  Probe  
  133  9:55  Probe  
  133  9:59  Photon Cannon, Probe  
  136  10:01  Phoenix  
  136  10:02  Photon Cannon  
  136  10:04  Phoenix  
  136  10:05  Zealot  
  136  10:06  Zealot  
  142  10:09  Probe  
  143  10:19  Probe  
  143  10:20  Disruptor  
  136  10:22  Probe  
  136  10:27  Stalker x2  
  122  10:29  Probe  
  122  10:32  Probe  
  122  10:33  Void Ray x2  
  103  10:40  Probe  
  103  10:41  Void Ray  
  101  10:44  Probe  
  106  10:55  Probe x2  
  108  11:08  Void Ray (Chrono Boost)  
  108  11:09  Void Ray (Chrono Boost)  
  101  11:15  Void Ray (Chrono Boost), Nexus  
  107  11:24  Probe  
  101  11:26  Probe x2  
  99  11:36  Probe  
  99  11:39  Void Ray x2 (Chrono Boost), Probe  
  101  11:42  Probe  
  101  11:46  Void Ray (Chrono Boost)  
  111  11:59  Nexus  
  111  12:01  Probe, Pylon  
  112  12:11  Void Ray x2 (Chrono Boost)  
  112  12:12  Probe  
  112  12:13  Probe  
  110  12:18  Void Ray (Chrono Boost)  
  118  12:22  Shield Battery  
  118  12:25  Photon Cannon, Probe  
  118  12:26  Shield Battery  
  119  12:30  Probe  
  119  12:31  Probe  
  119  12:36  Zealot  
  123  12:37  Zealot  
  123  12:38  Probe  
  123  12:41  Void Ray  
  123  12:43  Void Ray (Chrono Boost), Probe  
  133  12:57  Nexus  
  133  13:00  Pylon  
  133  13:01  Pylon  
  133  13:04  Void Ray (Chrono Boost)  
  133  13:10  Probe x3  
  128  13:15  Void Ray (Chrono Boost)  
  128  13:17  Void Ray (Chrono Boost)  
  112  13:22  Probe x3  
  112  13:26  Assimilator  
  107  13:31  Photon Cannon  
  107  13:32  Photon Cannon  
  108  13:34  Probe x3  
  108  13:35  Void Ray (Chrono Boost), Zealot  
  108  13:36  Zealot  
  115  13:42  Void Ray (Chrono Boost)  
  115  13:44  Void Ray (Chrono Boost)  
  115  13:46  Probe  
  115  13:47  Probe  
  114  13:51  Pylon  
  122  14:00  Photon Cannon  
  122  14:01  Probe x2  
  124  14:04  Void Ray (Chrono Boost)  
  117  14:20  Void Ray (Chrono Boost)  
  120  14:24  Void Ray (Chrono Boost), Nexus  
  128  14:46  Void Ray (Chrono Boost)  
  128  14:51  Void Ray (Chrono Boost)  
  124  14:57  Void Ray (Chrono Boost)  
  124  14:58  Probe  
  125  15:17  Void Ray (Chrono Boost)  
  125  15:18  Adept x2  
  133  15:21  Void Ray  
  133  15:22  Shield Battery  
  133  15:23  Photon Cannon  
  133  15:27  Void Ray  
  137  15:32  Twilight Council  
  106  15:50  Void Ray (Chrono Boost)  
  91  15:58  Zealot  
  91  15:59  Void Ray (Chrono Boost)  
  80  16:04  Zealot  
  80  16:11  Void Ray (Chrono Boost)  
  82  16:23  Nexus  
  82  16:24  Void Ray (Chrono Boost)  
  79  16:33  Void Ray (Chrono Boost)  
Show
View Real Time Build Order
Export as new Build Order

Vanya Zerg - Winner!

Build Orders: Hatch First 

Get SALT Encoding   

  12  0:00  Drone  
  13  0:12  Overlord  
  13  0:16  Drone  
  14  0:30  Drone x2  
  16  0:48  Hatchery  
  15  0:53  Drone  
  15  0:56  Drone  
  17  1:10  Spawning Pool  
  16  1:13  Drone  
  16  1:16  Drone  
  18  1:24  Drone  
  19  1:29  Extractor  
  18  1:41  Hatchery  
  18  1:44  Drone  
  18  1:47  Drone  
  19  2:00  Queen  
  19  2:01  Zergling x2  
  22  2:12  Overlord  
  22  2:13  Zergling x2  
  23  2:22  Queen  
  23  2:24  Zergling x2  
  23  2:29  Zergling x2  
  27  2:33  Metabolic Boost  
  26  2:40  Zergling x2  
  26  2:43  Zergling x4  
  28  2:45  Zergling x2  
  29  2:52  Zergling x2  
  28  3:05  Zergling x4  
  28  3:08  Queen  
  31  3:17  Drone x4  
  34  3:32  Overlord  
  34  3:34  Queen  
  36  3:46  Evolution Chamber  
  35  3:51  Drone x4  
  35  3:55  Drone x3  
  42  4:09  Drone  
  43  4:12  Spore Crawler  
  43  4:14  Hatchery  
  41  4:17  Overlord  
  41  4:18  Drone  
  41  4:19  Drone  
  42  4:37  Drone x6  
  44  4:42  Queen  
  44  4:43  Drone x3  
  49  4:47  Overlord  
  49  4:52  Spore Crawler  
  48  4:59  Overlord  
  47  5:01  Queen  
  47  5:06  Overlord  
  49  5:07  Zergling x8  
  53  5:15  Zergling x8  
  53  5:19  Queen  
  59  5:23  Drone  
  59  5:25  Drone  
  59  5:28  Drone, Queen  
  63  5:29  Drone  
  63  5:30  Overlord  
  63  5:35  Drone x3  
  65  5:37  Drone  
  67  5:43  Spore Crawler  
  67  5:46  Overlord  
  67  5:47  Drone x3  
  68  5:52  Lair  
  68  5:54  Drone x2  
  68  5:59  Drone  
  68  6:00  Drone x2  
  68  6:06  Roach Warren  
  68  6:08  Extractor  
  68  6:09  Extractor  
  68  6:10  Drone x4, Extractor  
  68  6:11  Drone  
  69  6:22  Zergling x16  
  77  6:27  Evolution Chamber  
  77  6:28  Overlord  
  76  6:33  Drone x5  
  76  6:35  Extractor  
  76  6:36  Extractor  
  79  6:43  Drone x4  
  79  6:45  Drone x2  
  84  6:51  Overseer  
  84  6:52  Spire  
  84  6:54  Glial Reconstitution  
  83  6:55  Drone  
  83  6:57  Drone x2  
  83  7:01  Drone x2  
  87  7:14  Drone  
  85  7:28  Hatchery  
  81  7:30  Drone x2  
  81  7:33  Drone x2  
  81  7:36  Spore Crawler  
  83  7:42  Queen x2  
  87  7:45  Drone x4  
  87  7:47  Drone x7  
  87  7:48  Overlord x3  
  98  7:58  Extractor  
  98  8:01  Extractor  
  98  8:02  Overlord x2  
  98  8:04  Zerg Flyer Weapons Level 1  
  98  8:05  Zerg Missile Weapons Level 1  
  96  8:19  Mutalisk x9  
  114  8:20  Mutalisk  
  111  8:31  Mutalisk x4  
  116  8:39  Spore Crawler  
  116  8:41  Drone x5  
  120  8:42  Drone  
  120  8:47  Drone x2  
  120  9:00  Roach x8  
  136  9:05  Overlord  
  136  9:06  Overlord  
  136  9:10  Roach x2  
  136  9:16  Overlord  
  140  9:17  Roach x2  
  144  9:27  Ravager x8  
  144  9:28  Zergling x18  
  159  9:34  Overlord x2  
  159  9:38  Roach x4  
  167  9:44  Overlord  
  167  9:49  Overlord  
  167  9:54  Zergling x12  
  167  9:59  Ravager  
  174  10:00  Hatchery, Overlord  
  170  10:12  Zergling x22  
  153  10:31  Corruptor x8  
  142  10:44  Corruptor x4  
  140  10:53  Corruptor x2  
  140  10:56  Drone x4  
  148  11:01  Corruptor  
  150  11:09  Extractor  
  150  11:10  Corruptor x3  
  143  11:11  Extractor  
  142  11:19  Corruptor  
  142  11:20  Corruptor x2  
  146  11:27  Corruptor x3  
  146  11:31  Drone x3  
  155  11:35  Drone x3  
  158  11:45  Roach x7  
  157  11:54  Infestation Pit, Corruptor x2  
  157  11:57  Corruptor  
  157  12:01  Zerg Flyer Armor Level 1  
  162  12:03  Roach x2  
  162  12:06  Roach  
  162  12:07  Ravager x4  
  172  12:11  Drone x3  
  171  12:20  Corruptor x3  
  167  12:22  Corruptor  
  169  12:30  Corruptor x2  
  168  12:45  Hive, Queen  
  168  12:46  Corruptor  
  168  12:47  Corruptor x2  
  168  12:50  Zergling x10  
  168  12:56  Ravager x3  
  168  13:01  Corruptor  
  168  13:02  Corruptor  
  141  13:20  Roach x8  
  141  13:23  Hatchery  
  141  13:25  Corruptor x2  
  152  13:31  Corruptor  
  152  13:32  Corruptor  
  156  13:45  Corruptor x4  
  156  13:47  Drone  
  154  13:51  Ravager  
  154  13:53  Drone  
  154  13:54  Drone  
  157  13:56  Viper  
  157  13:59  Zergling x2  
  157  14:00  Zergling x14  
  168  14:08  Corruptor x2  
  155  14:18  Viper  
  155  14:21  Zergling x10  
  157  14:27  Corruptor x3  
  163  14:39  Corruptor x2  
  163  14:43  Corruptor  
  162  14:54  Corruptor x4  
  162  14:59  Zergling x2  
  171  15:00  Zergling x4, Hatchery  
  170  15:11  Zerg Melee Weapons Level 1  
  170  15:15  Corruptor  
  170  15:16  Corruptor x2  
  176  15:24  Drone x2  
  178  15:29  Hatchery  
  169  15:45  Corruptor x4  
  166  15:54  Corruptor x2  
  158  16:05  Corruptor x3  
  161  16:13  Drone x6  
  160  16:26  Drone  
  160  16:29  Extractor  
  160  16:31  Extractor  
  159  16:36  Corruptor x3  
  162  16:46  Corruptor x2  

Tags
 
Add a new tag
Caveats
  • Supply blocks, unpowered buildings, or Contaminate may cause inaccurate times.
  • Supply counts are checked every 10 seconds.